 Dungeon Crawl Stone Soup version 0.19.5 (webtiles) character file.

112 equalderp2856 the Scratcher (level 4, -2/21 HPs)
             Began as a Felid Fighter on Mar 20, 2017.
             Slain by a bullfrog (9 damage)
             ... on level 4 of the Dungeon.
             The game lasted 00:11:53 (4107 turns).

equalderp2856 the Scratcher (Felid Fighter)         Turns: 4107, Time: 00:11:53

Health: -2/21      AC:  1    Str: 13    XL:     4   Next: 64%
Magic:  5/5        EV: 21    Int:  9    God:
Gold:   179        SH:  0    Dex: 16    Spells: 0 memorised, 3 levels left
                                        Lives:  0   Deaths: 1

rFire  . . .     SeeInvis +       - Unarmed
rCold  . . .     Gourm    .     (armour unavailable)
rNeg   . . .     Faith    .     (shield unavailable)
rPois  .         Spirit   .     (helmet unavailable)
rElec  .         Reflect  .     (cloak unavailable)
rCorr  .         Harm     .     (gloves unavailable)
MR     .....                    (boots unavailable)
Stlth  ++........               (no amulet)
                                (no ring)
                                (no ring)

@: flying, quick
A: no armour, no weapons or thrown items, stealth, claws 1, fangs 3, see
invisible, carnivore 3, speed 1, shaggy fur 1, slow metabolism 1, sharp paws
a: no special abilities


You were on level 4 of the Dungeon.
You were not hungry.

You visited 1 branch of the dungeon, and saw 4 of its levels.

You collected 179 gold pieces.

Inventory:

Missiles
 l - 55 arrows
Jewellery
 s - a +2 ring of evasion {unknown}
 w - an uncursed amulet of regeneration {unknown}
Scrolls
 f - 2 scrolls of identify {unknown}
 g - a scroll of immolation {unknown}
 i - 2 scrolls of remove curse {unknown}
 m - a scroll of enchant weapon {unknown}
 q - a scroll of recharging {unknown}
 r - a scroll of amnesia {unknown}
 t - 2 scrolls of noise {unknown}
 v - a scroll of teleportation {unknown}
Potions
 a - a potion of might
 c - a potion of lignification {unknown}
 d - a potion of heal wounds {unknown}
 e - a potion of curing
 h - a potion of brilliance {unknown}
 k - a potion of flight
 n - a potion of mutation {unknown}
 o - 2 potions of invisibility
 p - a potion of degeneration {unknown}
Comestibles
 b - a meat ration
 j - a beef jerky


   Skills:
 + Level 3.5 Fighting
 + Level 5.3 Dodging
 + Level 2.0 Stealth
 + Level 5.8 Unarmed Combat


You had 3 spell levels left.
You didn't know any spells.

Dungeon Overview and Level Annotations

Branches:
Dungeon (4/15)
 Temple: D:4-7

Altars:
Ru

Annotations:
D:3 Trampli's ghost, amateur TrMo
D:4 Pikel; Robin


Innate Abilities, Weirdness & Mutations

You cannot wear armour.
You are incapable of wielding weapons or throwing items.
Your paws allow you to move quietly. (Stealth)
You have sharp claws.
You have razor-sharp teeth.
You have supernaturally acute eyesight. (SInv)
You are carnivorous and can eat meat at any time.
You cover ground quickly.
You are covered in fur. (AC +1)
You have a slow metabolism.
Your sharp claws are effective at attacking unaware monsters.


Message History

The bullfrog croaks.
The bullfrog barely misses you. The bullfrog hits you.
You open the door. The bullfrog completely misses you. x2
There is an open door here.
The bullfrog hits you.
Found a ruby potion.
The bullfrog hits you! As you open the door, it creaks loudly!
You hear a shout! x3
The bullfrog barely misses you.
There is an open door here.
The bullfrog completely misses you.
An orc comes into view. It is wielding a flail.
You open the door. The bullfrog barely misses you.
There is an open door here.
The bullfrog barely misses you.
It was a potion of flight.
You feel very buoyant.
You fly up into the air.
The bullfrog hits you!
You die...

#....# ...# #...... #....#
..# #.....# #....#.
..######.....#
#....#..#####....!.#......
#....#......#......#......
#o...#......'......#.....#
#†...######.#......#.....#
#....#..###.##.....#......
#.<..#...@Fa.#.....#......
#o...#....#..#.....#.....#
+....#########.....#.....#
#....# #....#####......
#....# #....#..........
+....# #....#.a.......#
#....# #....#.........#
#....# #....'..........
#....#..##......


You could see a bullfrog and a worker ant.

Vanquished Creatures
  An orc priest (D:3)
  Terence (D:3)
  5 adders
  An ooze (D:2)
  2 worms (D:2)
  6 dart slugs
  5 leopard geckos
  5 orcs (D:3)
  4 giant cockroaches
  11 goblins
  2 hobgoblins
  12 jackals
  2 quokkas
  2 ball pythons (D:1)
  10 bats
  6 frilled lizards
  5 kobolds
  6 rats
86 creatures vanquished.

Notes
Turn   | Place    | Note
-------+----------+-------------------------------------------
     0 | D:1      | equalderp2856 the Felid Fighter began the quest for the Orb.
     0 | D:1      | Reached XP level 1. HP: 10/10 MP: 2/2
   265 | D:1      | Reached XP level 2. HP: 11/14 MP: 3/3
   807 | D:2      | Noticed Terence
  1154 | D:2      | Reached XP level 3. HP: 6/17 MP: 4/4
  1743 | D:2      | Reached skill level 5 in Unarmed Combat
  1743 | D:2      | Reached XP level 4. HP: 20/21 MP: 5/5
  2258 | D:2      | Found a sacrificial altar of Ru.
  2403 | D:3      | Noticed Trampli's ghost (amateur TrMo)
  2743 | D:3      | Reached skill level 1 in Stealth
  3124 | D:3      | Reached skill level 5 in Dodging
  3344 | D:3      | Reached XP level 5. HP: 24/24 MP: 6/6
  3395 | D:3      | Killed Terence
  3826 | D:4      | Slain by an orc priest
  3827 | D:4      | Reached XP level 4. HP: -2/21 MP: 5/5
  3851 | D:4      | Noticed a slave
  3852 | D:4      | Noticed Pikel
  3852 | D:4      | Noticed a slave
  3852 | D:4      | Noticed a slave
  3852 | D:4      | Noticed a slave
  3953 | D:4      | Noticed Robin
  3953 | D:4      | Noticed a bullfrog
  4107 | D:4      | Slain by a bullfrog

Skill      XL: |  1  2  3  4  5 |
---------------+----------------+-----
Unarmed Combat | 5 |  5.8
Stealth        | 1 2 |  2.0
Dodging        | 5 |  5.3
Fighting       | |  3.5

Action                   |  1- 3 |  4- 6 || total
-------------------------+-------+-------++-------
Melee: Unarmed           |   118 |   130 ||   248
       Bite              |    13 |    11 ||    24
       Punch             |       |     3 ||     3
  Use: Potion            |       |     2 ||     2
 Stab: Sleeping          |     1 |     1 ||     2
       Distracted        |     1 |       ||     1
  Eat: Chunk             |     9 |     4 ||    13
Armor: Skin              |    10 |    10 ||    20
Dodge: Dodged            |   111 |   155 ||   266
